 Dungeon Crawl Stone Soup version 0.31-a0-303-gdc8c9485ea (webtiles) character file.

Game seed: 9682895483492703484

44643 avis the Severer (level 14, -2/135 HPs)
             Began as a Hill Orc Monk on July 16, 2023.
             Was an Elder of Beogh.
             Killed from afar by a fire dragon (17 damage)
             ... with a blast of flame
             ... on level 5 of the Lair of Beasts on July 17, 2023.
             The game lasted 02:47:24 (23523 turns).

avis the Severer (Hill Orc Monk)                   Turns: 23523, Time: 02:47:24

Health: -2/135     AC: 14    Str: 19    XL:     14   Next: 29%
Magic:  25/25      EV: 11    Int: 10    God:    Beogh [****..]
Gold:   1219       SH: 11    Dex: 13    Spells: 13/13 levels left

rFire   + . .        a - +4 war axe of Beastly Responsibility {speed, rN+ Will+}
rCold   + . .        A - +0 kite shield
rNeg    + . .        j - +0 plate armour
rPois   .            (no helmet)
rElec   .            z - scarf {rC+ rF+}
rCorr   .            Q - +0 pair of gloves
SInv    .            Z - +0 pair of boots
Will    +++..        (no amulet) Stlth
                     o - ring of willpower
HPRegen 0.42/turn    q - +5 ring of evasion
MPRegen 0.19/turn

%: no passive effects
@: no status effects
A: no striking features
a: Renounce Religion, Smiting, Recall Orcish Followers


You were on level 5 of the Lair of Beasts.
You worshipped Beogh.
Beogh was greatly pleased with you.
You visited 4 branches of the dungeon, and saw 18 of its levels.

You collected 1886 gold pieces.
You spent 667 gold pieces at shops.

Inventory:

Hand Weapons
 a - the +4 war axe of Beastly Responsibility (weapon) {speed, rN+ Will+}
   (You found it on level 3 of the Dungeon)

   rN:        It protects you from negative energy.
   Will:      It increases your willpower.
 b - a +0 broad axe
 w - the +8 whip "Snakebite" {venom, curare, rPois}
   (You found it on level 4 of the Lair of Beasts)

   rPois:     It protects you from poison.
 y - a +1 heavy sling
Missiles
 r - 2 boomerangs of dispersal
Armour
 j - a +0 plate armour (worn)
 z - a scarf of resistance (worn)
 A - a +0 kite shield (worn)
 Q - a +0 pair of gloves (worn)
 Z - a +0 pair of boots (worn)
Jewellery
 e - a ring of flight
 o - a ring of willpower (left hand)
 q - a +5 ring of evasion (right hand)
Talismans
 u - a serpent talisman
 C - a maw talisman
 R - a blade talisman
Wands
 p - a wand of polymorph (12)
 G - a wand of mindburst (10)
 J - a wand of flame (10)
 K - a wand of iceblast (8)
 L - a wand of acid (11)
 P - a wand of digging (11)
Scrolls
 g - 3 scrolls of summoning
 i - 3 scrolls of vulnerability {unknown}
 k - 8 scrolls of teleportation
 n - 4 scrolls of fog {unknown}
 t - a scroll of poison
 v - 4 scrolls of immolation {unknown}
 F - a scroll of brand weapon {unknown}
 H - 2 scrolls of amnesia {unknown}
 I - 2 scrolls of torment {unknown}
 M - 3 scrolls of revelation
 U - 7 scrolls of blinking
Potions
 c - a potion of ambrosia
 d - a potion of magic
 f - a potion of enlightenment
 h - a potion of brilliance
 l - 2 potions of curing
 m - a potion of might
 s - 4 potions of heal wounds
 D - 4 potions of haste
 E - 4 potions of lignification
 N - a potion of cancellation
 T - a potion of berserk rage
Miscellaneous
 x - a piece from Xom's chessboard (15/15)
 B - a lightning rod (4/4)
 W - a phial of floods


   Skills:
 - Level 15.0 Fighting
 - Level 18.0 Axes
 * Level 5.3 Armour
 - Level 5.0 Dodging
 - Level 10.0 Shields
 - Level 15.0 Invocations


You had 13 spell levels left.
You didn't know any spells.
Your spell library contained the following spells:

 Spells                   Type           Power      Damage    Failure   Level
 Apportation              Tloc           0%         N/A       100%        1
 Slow                     Hex            0%         N/A       100%        1
 Ensorcelled Hibernation  Hex/Ice        0%         N/A       100%        2
 Passwall                 Tmut/Erth      0%         N/A       100%        2
 Call Canine Familiar     Summ           0%         N/A       100%        3
 Confusing Touch          Hex            0%         N/A       100%        3
 Portal Projectile        Hex/Tloc       0%         N/A       100%        3
 Stone Arrow              Conj/Erth      0%         3d7       100%        3
 Swiftness                Air            0%         N/A       100%        3
 Vampiric Draining        Necr           0%         2d6       100%        3
 Animate Armour           Summ/Erth      0%         N/A       100%        4
 Animate Dead             Necr           0%         N/A       100%        4
 Leda's Liquefaction      Hex/Erth       0%         N/A       100%        4
 Alistair's Intoxication  Tmut/Pois      0%         N/A       100%        5
 Borgnjor's Vile Clutch   Necr/Erth      0%         N/A       100%        5
 Death Channel            Necr           0%         N/A       100%        6
 Lehudib's Crystal Spear  Conj/Erth      0%         10d2      100%        8


Dungeon Overview and Level Annotations

Branches:
Dungeon (11/15)            Temple (1/1) D:6            Lair (5/5) D:11
 Shoals (0/4) Lair:3       Spider (0/4) Lair:3        Slime (0/5) Lair:4
    Orc (1/2) D:9

Altars:
Ashenzari
Cheibriados
Dithmenos
Elyvilon
Fedhas
Gozag
Hepliaklqana
Kikubaaqudgha
Makhleb
Nemelex Xobeh
Okawaru
Qazlal
Ru
Sif Muna
Trog
Uskayaw
Vehumet
Wu Jian
Xom
Yredelemnul
Zin
The Shining One
Jiyva

Shops:
D:2 (   D:6 **!?::   D:11 (   Orc:1 !

Annotations:
D:10 2 transporters, bronco's ghost, novice FeBe


Message History

The swamp dragon is heavily wounded.
You are engulfed in poison gas.
You are more poisoned.
You feel very sick.
The swamp dragon breathes poison at you.
The blast of poison engulfs you.
You are more poisoned.
Your unstable footing causes you to fumble your attack.
You are engulfed in poison gas.
You are more poisoned.
You feel extremely sick.
Norbak shoots an arrow.
The arrow hits the swamp dragon.
Your unstable footing causes you to fumble your attack.
You are engulfed in poison gas.
You are more poisoned.
You feel extremely sick.
Horkud hits the swamp dragon from afar with a +2 heavy halberd!!!
The swamp dragon dies!
Beogh accepts your kill. The fire dragon breathes flames at you.
The blast of flame hits you!! You resist.
You are engulfed in poison gas.
You are lethally poisoned!
You feel extremely sick.
You are engulfed in poison gas.
You are more poisoned.
* * * LOW HITPOINT WARNING * * *
x2 You feel extremely sick.
Horkud is engulfed in poison gas.
Horkud is poisoned.
Unknown command.
You feel better.
You are engulfed in poison gas.
You are lethally poisoned!
* * * LOW HITPOINT WARNING * * *
x2 You feel very sick.
The fire dragon bites you but does no damage.
You block the fire dragon's attack.
The fire dragon tramples you but does no damage.
You feel better.
Horkud splashes around in the water.
The fire dragon breathes flames at you. The blast of flame hits you!
You resist.
You die...

♣♣ ♣.. ♣..♣♣
.~~..♣ ~≈≈..P♣♣
.~~≈...♣♣
....~...♣ ♣♣
♣≈D@♣ ♣~♣
♣♣≈≈°♣ ♣(~♣♣
♣♣o≈o~♣ .~≈~.♣
♣♣~~°)♣♣
...≈~.♣♣
♣♣~~...♣
.)≈..♣♣♣.~P.♣♣♣
♣♣ ♣≈.~~≈~..♣♣
.. ♣♣≈~†≈~...♣
.l♣♣~~♣.....♣♣


You could see a fire dragon (catching breath, ally target), the friendly Horkud
the orc knight (strong, poisoned) and the friendly Norbak the orc knight
(strong).

Vanquished Creatures
  3 hydras (Lair:5)
  A centaur warrior (D:9)
  A catoblepas (Lair:5)
  A two-headed ogre (D:9)
  Nergalle (Lair:1)
  A skeletal warrior (D:9)
  An orc knight (Orc:1)
  Pikel (D:5)
  A deep elf pyromancer (D:9)
  An ugly thing (D:11)
  2 lindwurms (Lair:5)
  2 cyclopes (D:9)
  2 manticores (Lair:5)
  2 elephants (Lair:5)
  A torpor snail (Lair:5)
  Joseph (D:7)
  3 black mambas
  11 cane toads
  A gargoyle (D:11)
  2 rime drakes (Lair:5)
  4 komodo dragons
  Grinder (D:3)
  A snapping turtle (Lair:3)
  2 hornets
  2 blink frogs
  26 yaks
  4 wyverns
  7 basilisks
  A steam dragon (D:9)
  Menkaure (D:5)
  5 water moccasins
  A hell hound (Lair:1)
  A swamp drake (Lair:5)
  An ice beast (D:7)
  3 orc warriors
  2 sky beasts (D:6)
  2 black bears
  5 ogres
  6 wolves
  2 centaurs
  4 lemures (D:5)
  3 phantoms
  5 kobold brigands
  4 bullfrogs
  5 scorpions
  10 wights
  6 killer bees (D:9)
  A vampire bat (D:5)
  2 electric eels
  7 howler monkeys
  2 jellies (D:6)
  3 gnoll boudas
  3 hounds
  An orc priest (D:9)
  Crazy Yiuf (D:3)
  3 iguanas
  8 orc wizards
  Natasha (thrice) (D:3)
  9 gnolls
  16 adders
  A shadow imp (D:8)
  2 white imps
  An ufetubus (D:5)
  3 worms
  4 dart slugs
  3 fire bats (D:5)
  14 orcs
  2 spectral bats (D:5)
  9 ball pythons
  3 bat skeletons (D:5)
  A bat zombie (D:5)
  2 endoplasms
  3 giant cockroaches
  12 hobgoblins
  3 jackals (D:1)
  28 kobolds
  5 quokkas
  16 bats
  A bat simulacrum (D:5)
  A frilled lizard (D:1)
  6 goblins
  6 rats
338 creatures vanquished.

Vanquished Creatures (collateral kills)
  Gastronok (Lair:1)
  4 hydras
  A catoblepas (Lair:5)
  Erica (D:8)
  A two-headed ogre (D:11)
  2 boulder beetles
  2 skysharks
  Amaemon (Lair:1)
  A swamp dragon (Lair:5)
  A cyclops (D:11)
  2 elephants (Lair:5)
  An ugly thing (D:11)
  5 black mambas
  An orange demon (Lair:1)
  8 cane toads
  6 rime drakes
  2 komodo dragons
  A troll (D:10)
  10 blink frogs
  A wyvern (Lair:5)
  A vampire (D:10)
  2 jumping spiders (Lair:3)
  2 culicivoras (Lair:3)
  25 yaks
  A basilisk (Lair:4)
  2 redbacks (Lair:3)
  2 steam dragons
  17 water moccasins
  A hell hound (Lair:1)
  An acid dragon (D:10)
  2 ice beasts
  5 orc warriors
  A sky beast (D:7)
  2 black bears
  10 wolves
  A bullfrog (Lair:4)
  A scorpion (D:7)
  6 wights
  2 howler monkeys (D:9)
  A hound (D:6)
  A jelly (D:6)
  An orc priest (Orc:1)
  2 iguanas (Lair:5)
  4 orc wizards
  2 gnolls (D:6)
  An adder (D:6)
  6 orcs
  4 kobolds
158 creatures vanquished.

Vanquished Creatures (others)
  An orc knight (D:9)
  3 orc warriors
  An orc priest (D:8)
  A centaur (D:9)
  4 orc wizards
  21 orcs
31 creatures vanquished.

Grand Total: 527 creatures vanquished

Notes
Turn   | Place    | Note
-------+----------+-------------------------------------------
     0 | D:1      | avis the Hill Orc Monk began the quest for the Orb.
     0 | D:1      | Reached XP level 1. HP: 19/19 MP: 1/1
    60 | D:1      | Reached XP level 2. HP: 24/26 MP: 2/2
   120 | D:1      | Found a faded altar of an unknown god.
   131 | D:1      | Reached skill level 5 in Axes
   222 | D:1      | Reached XP level 3. HP: 24/31 MP: 3/3
   645 | D:2      | Reached skill level 6 in Axes
   812 | D:2      | Reached XP level 4. HP: 39/39 MP: 4/4
   829 | D:2      | Found Roxzoho's Antique Weapon Shop.
  1392 | D:2      | Reached skill level 7 in Axes
  1616 | D:3      | Reached XP level 5. HP: 45/45 MP: 5/5
  1643 | D:3      | Noticed Natasha
  1652 | D:3      | Killed Natasha
  1653 | D:3      | Reached skill level 8 in Axes
  1705 | D:3      | Identified the +4 war axe of Beastly Responsibility {speed,
                  | rN+ Will+}
  1706 | D:3      | Noticed Grinder
  1725 | D:3      | Killed Grinder
  1726 | D:3      | Reached skill level 9 in Axes
  1726 | D:3      | Reached XP level 6. HP: 51/51 MP: 6/6
  1757 | D:3      | Noticed Natasha
  1762 | D:3      | Killed Natasha
  1809 | D:3      | Noticed Natasha
  1815 | D:3      | Killed Natasha
  1816 | D:3      | Reached skill level 10 in Axes
  1816 | D:3      | Reached XP level 7. HP: 57/57 MP: 7/7
  1901 | D:3      | Found a runed translucent door.
  1902 | D:3      | Noticed Crazy Yiuf
  1988 | D:3      | Killed Crazy Yiuf
  2394 | D:4      | Noticed a wyvern
  2399 | D:4      | Killed a wyvern
  2400 | D:4      | Reached skill level 11 in Axes
  2521 | D:4      | Reached skill level 12 in Axes
  2521 | D:4      | Reached XP level 8. HP: 64/64 MP: 8/8
  2958 | D:5      | Entered Level 5 of the Dungeon
  3180 | D:5      | Noticed Pikel
  3194 | D:5      | Killed Pikel
  3195 | D:5      | Reached skill level 13 in Axes
  3244 | D:5      | Reached skill level 14 in Axes
  3365 | D:5      | Became a worshipper of Beogh the Brigand
  3365 | D:5      | Reached * piety under Beogh
  3365 | D:5      | Reached ** piety under Beogh
  3493 | D:5      | Noticed Menkaure
  3497 | D:5      | Killed Menkaure
  3498 | D:5      | Reached XP level 9. HP: 70/70 MP: 9/9
  3573 | D:5      | Reached skill level 15 in Axes
  3875 | D:5      | Reached skill level 1 in Invocations
  4474 | D:6      | Found Saesk's Distillery.
  4507 | D:6      | Bought a potion of heal wounds for 55 gold pieces
  4507 | D:6      | Bought a potion of curing for 33 gold pieces
  4507 | D:6      | Bought a potion of berserk rage for 55 gold pieces
  4596 | D:6      | Found Nisodomy's Magic Scroll Shoppe.
  4618 | D:6      | Found Nuedydie's Book Emporium.
  4634 | D:6      | Found a staircase to the Ecumenical Temple.
  4643 | D:6      | Reached skill level 5 in Fighting
  4652 | Temple   | Entered the Ecumenical Temple
  4714 | D:6      | Bought a scroll of noise for 13 gold pieces
  4741 | D:6      | Found a bloodstained altar of Trog.
  4743 | D:6      | Reached *** piety under Beogh
  4770 | D:6      | Found an ancient bone altar of Kikubaaqudgha.
  4770 | D:6      | Identified the +4 short sword of the Solstice {spect,
                  | Dex+2}
  4778 | D:6      | Reached skill level 5 in Invocations
  4779 | D:6      | Found a hide-covered altar of Uskayaw.
  4927 | D:6      | Found Ykaics's Assorted Antiques.
  5470 | D:6      | Reached XP level 10. HP: 81/81 MP: 15/15
  5476 | D:6      | Reached skill level 16 in Axes
  5492 | D:6      | Found Vobetu's Vocational Training.
  5771 | D:6      | Reached skill level 10 in Invocations
  5822 | D:6      | Found Gohiddes's General Store.
  6187 | D:6      | Bought a brown potion for 27 gold pieces
  6187 | D:6      | Bought a coppery potion for 27 gold pieces
  6604 | D:7      | Noticed Joseph
  6616 | D:7      | Killed Joseph
  6619 | D:7      | Reached **** piety under Beogh
  7310 | D:8      | Noticed Erica
  7316 | D:8      | Killed Erica
  7786 | D:8      | Reached XP level 11. HP: 92/95 MP: 19/19
  7892 | D:8      | Found a broken altar of Ashenzari.
  7892 | D:8      | Found an ornate altar of the Wu Jian Council.
  8066 | D:6      | Bought a potion of might for 44 gold pieces
  8086 | D:6      | Bought a scroll of revelation for 75 gold pieces
  8496 | D:9      | Noticed a two-headed ogre
  8507 | D:9      | Killed a two-headed ogre
  8759 | D:9      | Gained Warrok as an ally
  8991 | D:9      | Reached skill level 10 in Fighting
  9111 | D:9      | Noticed a six-headed hydra
  9120 | D:9      | Noticed a seven-headed hydra
  9121 | D:9      | Killed a six-headed hydra
  9126 | D:9      | Killed a seven-headed hydra
  9126 | D:9      | Reached ***** piety under Beogh
  9325 | D:9      | Noticed a cyclops
  9332 | D:9      | Killed a cyclops
  9341 | D:9      | Noticed a deep elf pyromancer
  9342 | D:9      | Noticed a skeletal warrior
  9353 | D:9      | Killed a skeletal warrior
  9353 | D:9      | Noticed a cyclops
  9354 | D:9      | Killed a deep elf pyromancer
  9357 | D:9      | Killed a cyclops
  9610 | D:9      | Noticed a centaur warrior
  9621 | D:9      | Killed a centaur warrior
  9866 | D:6      | Bought a scroll of blinking for 75 gold pieces
 10074 | D:9      | Found a staircase to the Orcish Mines.
 10736 | D:10     | Entered Level 10 of the Dungeon
 11219 | D:10     | Reached XP level 12. HP: 113/113 MP: 22/22
 11599 | D:10     | Found a transporter.
 11600 | D:10     | Noticed bronco's ghost (novice FeBe)
 11600 | D:10     | Noticed a two-headed ogre
 11601 | D:10     | Noticed a two-headed ogre
 11602 | D:10     | Found a transporter.
 11604 | D:10     | Identified the +8 great mace of Cheibriados's Anger {chaos,
                  | rC+ rN+ Int+4}
 11604 | D:10     | Identified the +4 giant club of Makhleb's Whim {freeze,
                  | Int+3}
 11604 | D:10     | Noticed a two-headed ogre
 11605 | D:10     | Noticed a two-headed ogre
 12037 | D:11     | Noticed a two-headed ogre
 12044 | D:11     | Killed a two-headed ogre
 12342 | D:11     | Gained Norbak as an ally
 12582 | D:11     | Found Kiexti Utez's Weapon Emporium.
 12592 | D:11     | Noticed a boulder beetle
 12603 | D:11     | Killed a boulder beetle
 12740 | D:11     | Found a staircase to the Lair.
 13239 | Lair:1   | Entered Level 1 of the Lair of Beasts
 13358 | Lair:1   | Noticed Nergalle
 13365 | Lair:1   | Killed Nergalle
 13434 | Lair:1   | Noticed Amaemon
 13444 | Lair:1   | Killed Amaemon
 13942 | Lair:1   | Noticed Gastronok
 13955 | Lair:1   | Killed Gastronok
 13956 | Lair:1   | Reached skill level 15 in Fighting
 14832 | D:6      | Bought a potion of magic for 88 gold pieces
 14844 | D:6      | Bought a scroll of enchant armour for 97 gold pieces
 14844 | D:6      | Bought a scroll of identify for 26 gold pieces
 14844 | D:6      | Bought a scroll of identify for 26 gold pieces
 14844 | D:6      | Bought a scroll of identify for 26 gold pieces
 15011 | Lair:2   | Reached skill level 15 in Invocations
 15065 | Lair:2   | Gained Horkud as an ally
 15151 | Lair:2   | Reached skill level 17 in Axes
 15154 | Lair:2   | Reached XP level 13. HP: 89/126 MP: 24/24
 16015 | Lair:2   | Reached skill level 18 in Axes
 16266 | Lair:3   | Reached skill level 1 in Armour
 16434 | Lair:3   | Reached skill level 1 in Shields
 16593 | Lair:3   | Found a hole to the Spider Nest.
 16854 | Lair:3   | Found a staircase to the Shoals.
 17441 | Lair:4   | Found a viscous altar of Jiyva.
 17441 | Lair:4   | Found a staircase to the Slime Pits.
 17729 | Lair:4   | Reached skill level 5 in Shields
 18393 | Lair:4   | Found the +8 whip "Snakebite" {venom, curare, rPois}
 18845 | Lair:5   | Entered Level 5 of the Lair of Beasts
 19145 | Lair:4   | Reached ****** piety under Beogh
 19603 | Orc:1    | Entered Level 1 of the Orcish Mines
 19914 | Orc:1    | Found Zicotu's Distillery.
 19965 | Orc:1    | Gained Learuk as an ally
 20130 | Orc:1    | Noticed an orc warlord
 20148 | Orc:1    | Gained Olfrun as an ally
 21658 | Lair:5   | Gained Oreg as an ally
 22088 | Orc:1    | Reached skill level 10 in Shields
 22451 | Lair:5   | Reached XP level 14. HP: 135/135 MP: 25/25
 22690 | Lair:5   | Reached skill level 5 in Armour
 23326 | Lair:5   | Reached skill level 5 in Dodging
 23521 | Lair:5   | HP: 2/135 [poison (poison gas)]
 23523 | Lair:5   | Killed from afar by a fire dragon

Illustrated notes

Levels and vault maps discovered:
D:1:      psy_arrival_dodecagon, layout_basic, ebering_ecumenical_altar_rust
D:2:      layout_loops_ring, serial_shops, nicolae_diamond_shop,
          lexackson_kobold_supper
D:3:      layout_rooms, uniq_natasha, uniq_grinder, uniq_crazy_yiuf_cottage
D:4:      old_forge, layout_basic
D:5:      layout_cave_pods, goddamned_bats, uniq_menkaure, uniq_pikel
D:6:      minmay_razor_zed, layout_basic,
          nicolae_uskayaw_murder_on_the_dancefloor, grunt_temple_overflow_open,
          minmay_temple_entry_sparse_star, serial_bayou, serial_bayou_pond_e,
          serial_bayou_pond_a, serial_bayou_ford_a, serial_bayou_pond_e,
          serial_shops, shop_fountains, nicolae_shop_trees,
          nicolae_stop_n_shop_1, nicolae_shop_tiny_statue_garden, shop,
          nicolae_shop_vocational
D:7:      layout_cave_pods, uniq_joseph
D:8:      layout_rooms, nicolae_overflow_two_pavilions, uniq_erica
D:9:      layout_roguey, erik_orc_3, minmay_misc_feat_nine_boxes,
          minmay_fractal_squares_gapless_7
D:10:     layout_rooms, gammafunk_ghost_smash
D:11:     layout_small_grid, david_lair_shrubbed, serial_shops,
          nicolae_shop_window_shopping
Temple:   sentei_temple_godly_chess
Lair:1:   layout_hall_layers, enter_volcano_3, grunt_megastairs_5, uniq_amaemon,
          uniq_gastronok, uniq_nergalle
Lair:2:   layout_loops_ring
Lair:3:   layout_roguey, minmay_shoals_entry_hut,
          nicolae_spider_entry_tight_spaces
Lair:4:   minmay_guarded_unrand_snakebite, layout_regular_city, slime_entry_1,
          lemuel_fruit_tree, grunt_megastairs_4
Lair:5:   guppyfry_lair_end_dragon, layout_regular_city,
          hangedman_lair_in_review
Orc:1:    cheibrodos_orc_arena, layout_caves, serial_shops,
          nicolae_shop_industrial_runoff, hangedman_minor_magic

Skill      XL: |  1  2  3  4  5  6  7  8  9 10 11 12 13 14 |
---------------+-------------------------------------------+-----
Axes           | 5 6 7 9 10 12 14 15 16 17 18 | 18.0
Invocations    | 7 11 13 15 | 15.0
Fighting       | 5 8 12 15 | 15.0
Armour         | 3 5 |  5.3
Shields        | 10 | 10.0
Dodging        | 5 |  5.0

Action                     |  1- 3 |  4- 6 |  7- 9 | 10-12 | 13-15 || total
---------------------------+-------+-------+-------+-------+-------++-------
  Melee: Hand axe          |    52 |       |       |       |       ||    52
         War axe           |    16 |    86 |   248 |   405 |   345 ||  1100
         Flail             |       |       |       |    13 |     3 ||    16
         Punch             |       |       |       |     2 |     1 ||     3
         Whip              |       |       |       |       |    31 ||    31
  Throw: Dart              |       |       |       |     4 |       ||     4
 Invoke: Convert to Beogh  |       |       |     1 |       |       ||     1
         Recall Orcish Fol |       |       |       |    17 |     2 ||    19
         Stop Recall       |       |       |       |     9 |     1 ||    10
         Smiting           |       |       |       |     5 |     3 ||     8
         Give Item to Name |       |       |       |     2 |     4 ||     6
         Resurrection      |       |       |       |       |     1 ||     1
    Use: Scroll            |       |       |       |    12 |       ||    12
         Potion            |       |       |       |       |     6 ||     6
   Stab: Held in net/web   |       |       |     1 |       |       ||     1
         Distracted        |       |       |       |     5 |     2 ||     7
         Petrified         |       |       |       |       |     6 ||     6
         Petrifying        |       |       |       |       |     2 ||     2
 Armour: Robe              |    12 |     4 |       |       |       ||    16
         Ring mail         |       |    10 |     7 |       |       ||    17
         Chain mail        |       |       |    46 |    17 |       ||    63
         Plate armour      |       |       |       |   102 |   136 ||   238
  Dodge: Dodged            |    52 |    68 |   112 |   166 |   131 ||   529
  Block: Kite shield       |       |       |       |       |   126 ||   126

Table legend: (Time is in decaauts)
 A = Elapsed time spent in this place.
 B = Non-inter-level travel time spent in this place.
 C = Inter-level travel time spent in this place.
 D = Time resting spent in this place.
 E = Time spent auto-exploring this place.
 F = Levels seen in this place.
 G = Mean time per level.
                   A        B        C        D        E       F      G
               +--------+--------+--------+--------+--------+-----+--------+
         Total |  23177 |  18342 |   4835 |   4824 |   7899 |  18 | 1287.6 |
       Dungeon |  13697 |   9910 |   3787 |   1923 |   5047 |  11 | 1245.2 |
        Temple |    190 |    172 |     18 |      0 |      0 |   1 |  190.0 |
          Lair |   8338 |   7340 |    998 |   2901 |   2725 |   5 | 1667.6 |
  Orcish Mines |    950 |    919 |     31 |      0 |    127 |   1 |  950.0 |
               +--------+--------+--------+--------+--------+-----+--------+

Top non-repeatable levels by time:
  Lair:5: 2371 daAuts
     D:6: 2151 daAuts
     D:9: 2104 daAuts
  Lair:4: 1788 daAuts
     D:7: 1689 daAuts
  Lair:1: 1592 daAuts
    D:11: 1522 daAuts
  Lair:2: 1446 daAuts
     D:5: 1371 daAuts
  Lair:3: 1140 daAuts
   Orc:1: 950 daAuts
     D:8: 947 daAuts
    D:10: 864 daAuts
     D:4: 832 daAuts
     D:2: 763 daAuts
